AoeStats
← VLC | DafeKhan

Hill Fort

504332489Analyzed
4v4 RM · 28d ago on Sep 4, 2026· 52m 59s· 8 players
Game mode
Random Map
Map size
Large (8 player)
Population
200
Speed
Normal
Resources
Standard
Victory
Conquest
Starting age
Dark Age
Ending age
Imperial Age
RankedLock teamsTeams togetherTeam positionsShared explorationLock speedFull tech treeHidden civsTurbo modeCheats
Victory
Defeat
🇮🇹 Magyars · Italy
1590
+15
🇹🇷 Bohemians · Türkiye
1561
+16
🇬🇧 Teutons · United Kingdom
1537
+17
🇨🇳 Sicilians · China
1438
+21
🇨🇴 Mongols · Colombia
1624
-20
🇨🇴 Spanish · Colombia
1590
-19
🇨🇴 Georgians · Colombia
1524
-16
🇨🇴 Ethiopians · Colombia
1476
-14
Gene_Parmesan__
10:53 Feudal Age
10:19 Loom
11:57 Double-Bit Axe
14:33 Castle Age
14:09 Horse Collar
15:39 Bow Saw
19:39 Town Watch
22:32 Wheelbarrow
23:45 Scale Barding Armor
25:52 Gold Mining
25:53 Stone Mining
27:29 Hand Cart
32:57 Imperial Age
31:07 Heavy Plow
31:57 Stone Shaft Mining
31:58 Fletching
32:15 Scale Mail Armor
32:26 Forging
32:18 Squires
33:11 Bodkin Arrow
33:34 Chain Mail Armor
32:43 Pikeman
33:59 Conscription
34:03 Conscription
33:27 Halberdier
35:14 Chemistry
34:38 Ballistics
35:19 Iron Casting
35:03 Heavy Scorpion
35:51 Halberdier
37:25 Ironclad
37:42 Masonry
38:30 Ironclad
39:14 Plate Mail Armor
42:26 Crenellations
44:44 Hoardings
46:01 Blast Furnace
45:56 Coinage
46:39 Siege Engineers
46:36 Arson
47:25 Bombard Tower
48:19 Bloodlines
48:32 Chain Barding Armor
48:40 Caravan
54:34 Two-Man Saw
Les Choristes
5:06 Loom
9:50 Feudal Age
10:00 Feudal Age
17:07 Castle Age
15:27 Double-Bit Axe
15:52 Horse Collar
17:55 Wheelbarrow
18:11 Bow Saw
20:06 Fletching
21:04 Heavy Plow
26:47 Gold Mining
30:18 Imperial Age
27:58 Stone Mining
28:34 Scale Barding Armor
30:26 Chain Barding Armor
30:17 Forging
31:13 Gold Shaft Mining
31:07 Husbandry
31:18 Bloodlines
32:57 Plate Barding Armor
33:14 Iron Casting
33:27 Conscription
33:11 Fletching
34:28 Hauberk
35:42 Hand Cart
36:52 Blast Furnace
36:22 Cavalier
39:45 Bodkin Arrow
40:24 Scale Mail Armor
40:49 Masonry
41:24 Chain Mail Armor
41:11 Squires
40:32 Pikeman
42:35 Plate Mail Armor
42:31 Halberdier
44:38 Hoardings
45:13 Chemistry
46:04 Town Watch
46:21 Bracer
46:31 Siege Engineers
46:14 Arrowslits
50:05 Padded Archer Armor
49:52 Arson
52:24 Stone Shaft Mining
Bzm_Castle
7:42 Loom
11:00 Feudal Age
15:11 Wheelbarrow
18:04 Castle Age
16:24 Double-Bit Axe
16:56 Fletching
17:06 Horse Collar
18:09 Crossbowman
19:18 Bodkin Arrow
20:53 Fervor
21:36 Padded Archer Armor
22:18 Ballistics
25:52 Chemistry
26:02 Leather Archer Armor
31:01 Town Watch
32:47 Sanctity
34:26 Bow Saw
37:45 Imperial Age
35:39 Hand Cart
37:49 Arbalester
38:31 Bracer
39:01 Ring Archer Armor
40:56 Siege Engineers
40:48 Houfnice
44:10 Caravan
47:45 Elite Skirmisher
49:09 Forging
49:00 Scale Mail Armor
49:43 Squires
49:12 Pikeman
54:02 Iron Casting
53:43 Chain Mail Armor
PALADIN
10:50 Feudal Age
13:56 Double-Bit Axe
14:15 Horse Collar
16:55 Castle Age
15:16 Gold Mining
17:47 Wheelbarrow
18:10 Bow Saw
18:31 Loom
20:29 Town Watch
25:49 Hand Cart
28:43 Heavy Plow
36:00 Imperial Age
34:42 Scale Barding Armor
35:05 Fletching
35:16 Padded Archer Armor
36:01 Chain Barding Armor
35:49 Thumb Ring
35:54 Bodkin Arrow
36:38 Bloodlines
36:29 Husbandry
37:01 Leather Archer Armor
37:17 Conscription
36:59 Corvinian Army
37:30 Parthian Tactics
37:01 Heavy Cavalry Archer
39:08 Chemistry
38:29 Ballistics
39:09 Bracer
39:52 Masonry
40:53 Plate Barding Armor
40:50 Elite Skirmisher
42:40 Ring Archer Armor
43:11 Siege Engineers
42:47 Treadmill Crane
43:51 Elite Magyar Huszar
46:45 Recurve Bow
50:08 Murder Holes
51:55 Shipwright
51:54 Light Cavalry
VLC | DafeKhan
10:21 Feudal Age
14:13 Castle Age
12:33 Double-Bit Axe
14:15 Horse Collar
16:31 Loom
17:50 Wheelbarrow
19:13 Bow Saw
24:47 Town Watch
29:38 Imperial Age
28:15 Fletching
28:14 Crossbowman
28:50 Bodkin Arrow
28:56 Padded Archer Armor
29:29 Hand Cart
30:19 Bracer
29:41 Arbalester
31:03 Ballistics
31:43 Chemistry
31:06 Ballistics
31:50 Masonry
35:06 Leather Archer Armor
36:12 Scale Mail Armor
36:31 Halberdier
37:26 Chain Mail Armor
37:44 Squires
37:59 Caravan
38:19 Siege Engineers
38:46 Architecture
40:32 Thumb Ring
VLC | Tithen
10:58 Feudal Age
16:01 Castle Age
14:58 Double-Bit Axe
14:55 Horse Collar
15:41 Loom
15:49 Stone Mining
19:17 Wheelbarrow
18:32 Town Watch
26:27 Bow Saw
32:59 Imperial Age
32:59 Heavy Plow
33:45 Scale Barding Armor
33:50 Forging
34:07 Fortified Wall
34:08 Masonry
34:27 Conscription
35:51 Chain Barding Armor
34:52 Cavalier
36:04 Bloodlines
35:54 Paladin
36:34 Husbandry
37:36 Plate Barding Armor
40:14 Architecture
41:59 Chemistry
42:21 Scale Mail Armor
42:57 Iron Casting
42:25 Padded Archer Armor
42:30 Caravan
43:43 Ballistics
45:22 Leather Archer Armor
VLC | Raconteur
11:09 Feudal Age
15:00 Castle Age
13:43 Double-Bit Axe
14:18 Horse Collar
16:06 Bow Saw
18:09 Fletching
19:38 Bodkin Arrow
20:43 Loom
26:23 Wheelbarrow
29:00 Gold Mining
29:04 Stone Mining
31:56 Imperial Age
30:20 Heavy Plow
30:36 Hand Cart
32:41 Padded Archer Armor
32:41 Bracer
33:06 Ballistics
34:13 Chemistry
33:45 Padded Archer Armor
34:42 Conscription
35:33 Leather Archer Armor
34:45 Elite Mangudai
36:43 Bloodlines
36:34 Husbandry
37:00 Thumb Ring
39:06 Caravan
40:41 Parthian Tactics
43:45 Gold Shaft Mining
51:29 Coinage
VLC | BacTi
10:13 Feudal Age
15:08 Castle Age
13:48 Double-Bit Axe
14:33 Horse Collar
15:22 Loom
16:16 Bow Saw
19:21 Wheelbarrow
19:45 Town Watch
26:13 Fletching
26:31 Scale Barding Armor
30:18 Hand Cart
33:26 Imperial Age
34:23 Chain Barding Armor
36:40 Chemistry
36:12 Conscription
41:44 Aznauri Cavalry
41:44 Svan Towers
41:39 Guard Tower
42:09 Ballistics
42:33 Caravan
42:21 Elite Monaspa
43:30 Ballistics
44:19 Plate Barding Armor
43:34 Elite Skirmisher
46:07 Husbandry
46:17 Bloodlines
47:12 Fletching
47:32 Forging
46:46 Light Cavalry
47:41 Padded Archer Armor
50:04 Hussar
50:56 Bodkin Arrow
51:04 Cavalier
53:18 Iron Casting
Connection lost

Rejoining the realm…

Still unreachable

The connection could not be restored.

Session expired

The server has moved on; the page needs a fresh start.